 Dungeon Crawl Stone Soup version 0.31-a0-854-g362426d53f (webtiles) character file.

Game seed: 1383054733578441658

2420 avis the Nimble (level 9, 39/39 HPs)
             Began as a Felid Artificer on Oct 8, 2023.
             Got out of the dungeon alive.
             The game lasted 00:57:16 (9355 turns).

avis the Nimble (Felid Artificer)                   Turns: 9355, Time: 00:57:17

Health: 39/39      AC:  2    Str: 10    XL:     9   Next: 24%
Magic:  19/19      EV: 26    Int: 12    God:
Gold:   494        SH:  0    Dex: 19    Spells: 8/8 levels left
                                        Lives:  1   Deaths: 2

rFire   + .          .
                       - Unarmed
rCold   . . .        (shield unavailable)
rNeg    . . .        (body armour unavailable)
rPois   .            (helmet unavailable)
rElec   .            (cloak unavailable)
rCorr   .            (gloves unavailable)
SInv    +            (boots unavailable)
Will    +....        (no amulet)
Stlth   +++          w - ring of protection from fire
HPRegen 0.26/turn    l - ring of magical power
MPRegen 0.16/turn

%: no passive effects
@: quick
A: very small, claws 1, fangs 3, see invisible, speed 1, shaggy fur 2, stealthy
paws, no weapons or thrown items, no armour, multi-lived
a: no special abilities


You escaped.
You visited 2 branches of the dungeon, and saw 8 of its levels.
You also visited: Ossuary.

You collected 494 gold pieces.

Inventory:

Jewellery
 i - an amulet of faith
 l - a ring of magical power (right paw)
 w - a ring of protection from fire (left paw)
Talismans
 m - a maw talisman
 D - a dragon-blood talisman
Wands
 a - a wand of flame (10) (quivered)
 b - a wand of charming (14)
Scrolls
 d - 4 scrolls of fog {unknown}
 e - 2 scrolls of poison {unknown}
 f - 2 scrolls of fear {unknown}
 g - 2 scrolls of revelation {unknown}
 j - 5 scrolls of teleportation {unknown}
 k - 3 scrolls of amnesia {unknown}
 n - a scroll of summoning {unknown}
 o - a scroll of enchant armour {unknown}
 p - 5 scrolls of noise {unknown}
 s - a scroll of torment {unknown}
 t - a scroll of vulnerability {unknown}
 v - 2 scrolls of blinking {unknown}
 x - 2 scrolls of identify
 y - a scroll of brand weapon {unknown}
Potions
 c - 3 potions of enlightenment
 h - a potion of curing
 q - a potion of magic {unknown}
 r - 3 potions of mutation
 u - a potion of resistance {unknown}
 z - 3 potions of lignification
 A - a potion of degeneration {unknown}
 B - 2 potions of invisibility {unknown}
 C - a potion of brilliance


   Skills:
 - Level 4.0 Fighting
 - Level 12.0 Dodging
 - Level 4.0 Stealth
 - Level 3.0 Unarmed Combat
 - Level 4.0 Evocations
 * Level 5.9 Shapeshifting


You had 8 spell levels left.
You didn't know any spells.
Your spell library contained the following spells:

 Spells                   Type           Power      Damage    Failure   Level
 Freeze                   Ice            0%         1d3       32%         1
 Shock                    Conj/Air       0%         1d3       32%         1
 Frozen Ramparts          Ice            0%         1d1       69%         3
 Hailstorm                Conj/Ice       0%         3d3       69%         3
 Swiftness                Air            0%         N/A       69%         3
 Airstrike                Air            0%         2d(0-16)  97%         4
 Animate Dead             Necr           0%         N/A       97%         4
 Borgnjor's Vile Clutch   Necr/Erth      0%         N/A       100%        5
 Death Channel            Necr           0%         N/A       100%        6


Dungeon Overview and Level Annotations

Branches:
Dungeon (7/15)             Temple (1/1) D:7         Ossuary (visited)

Altars:
Ashenzari
Cheibriados
Dithmenos
Elyvilon
Fedhas
Hepliaklqana
Makhleb
Nemelex Xobeh
Okawaru
Qazlal
Ru
Sif Muna
Trog
Uskayaw
Vehumet
Wu Jian
Xom
Yredelemnul
Zin
The Shining One

Shops:
D:3 !   D:4 *

Annotations:
D:2 1 runed translucent door, exclusion: door


Innate Abilities, Weirdness & Mutations

You have sharp claws.
You have razor-sharp teeth.
You have supernaturally acute eyesight. (SInv)
You cover ground quickly. (Speed+)
You are covered in thick fur. (AC +2)
Your paws help you pounce on unaware monsters.
You are incapable of wielding weapons or throwing items.
You cannot wear armour.
You gain extra lives every three experience levels.


Message History

You feel drained.
* * * LOW HITPOINT WARNING * * *
The wight closely misses you.
You closely miss the wight.
The wight is almost destroyed.
The wight misses you. The wight closely misses you.
You completely miss the wight.
The wight is almost destroyed.
The wight misses you.
The wight hits you from afar with a +3 spear!
You die...
You feel drained.
You rejoin the land of the living...
There is a stone staircase leading up here.
You climb upwards.
There is a stone staircase leading down here.
What level of the Dungeon? (default 6, ? - help)
There is a stone staircase leading up here.
You climb upwards.
There is a stone staircase leading down here.
Things that are here:
9 stones; a +1 leather armour of positive energy; a +0 trident You see here a +0 short sword.
There is a stone staircase leading up, spattered with blood here.
You climb upwards.
There is a stone staircase leading down here.
There is a stone staircase leading up here.
You climb upwards.
There is a stone staircase leading down here.
There is an escape hatch in the ceiling here.
A mysterious force pulls you upwards. The hatch slams shut behind you.
Level annotation: 1 runed translucent door, exclusion: door
There is a stone staircase leading up here.
You climb upwards.
There is a stone staircase leading down here.
You see here 8 stones.
As you open the door, it creaks loudly!
There is an open door here.
There is a staircase leading out of the dungeon here.
You have escaped!

# #####.###.##### #........... ##
#.............# #.##########
.###g###.#######.### #.# ..##.#
#.# ##.....###.# ..##.# #.#
#.......##.# #.##.# #.#
#.''+++'##.########## #.##.# #.#
##.+....'...........). #.##.#
#.###..+....'...##########
#.##.###.##...+.@..+.............
#.............+....+..#.#########
...>..##......'+++++###)#
..>).######.........# #.# ####.#
#..###...## #.# # #.# #..# ##)##
#.# # #.# #..# #.# #.######### #
#.# #..# #†# #.(..†..... # #.#
#..# ##.#####..########


There were no monsters in sight!

Vanquished Creatures
  Sigmund (D:3)
  2 water moccasins
  A black bear (D:6)
  2 ogres
  A centaur (D:5)
  3 phantoms
  2 scorpions
  3 water moccasin zombies (Ossuary)
  5 wights
  2 bullfrog zombies (Ossuary)
  2 howler monkeys (D:6)
  A human zombie (Ossuary)
  2 centaur zombies (Ossuary)
  2 hounds
  2 orc priests
  A gnoll bouda (D:5)
  Jessica (D:2)
  Natasha (D:4)
  3 iguanas (D:6)
  An orc wizard (D:5)
  A scorpion zombie (Ossuary)
  11 gnolls
  7 adders
  A shadow imp (D:6)
  4 adder zombies (Ossuary)
  13 orcs
  10 endoplasms
  2 giant cockroaches (D:1)
  4 goblins
  6 hobgoblins
  11 jackals
  5 quokkas
  6 ball pythons
  6 bats
  2 frilled lizards
  4 goblin zombies (Ossuary)
  2 hobgoblin zombies (Ossuary)
  7 kobolds
  4 orc zombies (Ossuary)
  2 rats (D:1)
146 creatures vanquished.

Vanquished Creatures (collateral kills)
  Eustachio (D:5)
1 creature vanquished.

Grand Total: 147 creatures vanquished

Notes
Turn   | Place    | Note
-------+----------+-------------------------------------------
     0 | D:1      | avis the Felid Artificer began the quest for the Orb.
     0 | D:1      | Reached XP level 1. HP: 9/9 MP: 2/2
    45 | D:1      | Reached skill level 1 in Unarmed Combat
   111 | D:1      | Reached XP level 2. HP: 13/13 MP: 3/3
   638 | D:1      | Reached XP level 3. HP: 16/16 MP: 4/4
  1163 | D:2      | Noticed Jessica
  1169 | D:2      | Killed Jessica
  1339 | D:1      | Reached XP level 4. HP: 9/21 MP: 5/5
  2419 | D:2      | Found a runed translucent door.
  2832 | D:3      | Found a sacrificial altar of Ru.
  2834 | D:3      | Noticed Sigmund
  2837 | D:3      | Killed Sigmund
  2838 | D:3      | Reached skill level 4 in Dodging
  2838 | D:3      | Reached skill level 5 in Dodging
  2838 | D:3      | Reached XP level 5. HP: 24/24 MP: 6/6
  2838 | D:3      | Gained mutation: You are covered in thick fur. (AC +2)
                  | [Felid growth]
  2838 | D:3      | Reached XP level 6. HP: 28/28 MP: 7/7
  3327 | D:3      | Found Ogheo's Distillery.
  3434 | D:3      | Found a shadowy altar of Dithmenos.
  3695 | D:4      | Reached skill level 6 in Dodging
  4282 | D:4      | Found Coilur's Assorted Antiques.
  4300 | D:3      | Reached skill level 7 in Dodging
  4389 | D:4      | Reached skill level 8 in Dodging
  4389 | D:4      | Reached XP level 7. HP: 31/31 MP: 8/8
  4542 | D:4      | Found Agonakha's General Store.
  4694 | D:4      | Found a shimmering altar of Xom.
  4709 | D:4      | Found a hide-covered altar of Uskayaw.
  4710 | D:4      | Found a snail-covered altar of Cheibriados.
  4778 | D:4      | Noticed Natasha
  4860 | D:4      | Killed Natasha
  5260 | D:5      | Entered Level 5 of the Dungeon
  5336 | D:5      | Reached skill level 9 in Dodging
  5632 | D:5      | Reached skill level 1 in Shapeshifting
  5640 | D:5      | Mangled by a wight
  5693 | D:5      | Identified the +5 flail "Xosemu" {freeze, rF++ Stlth+}
  5693 | D:5      | Noticed Eustachio
  5782 | D:4      | Reached XP level 8. HP: 14/36 MP: 9/9
  5930 | D:5      | Reached skill level 10 in Dodging
  6033 | D:5      | Killed Eustachio
  6789 | D:6      | Found a sand-covered staircase.
  6797 | D:6      | Reached skill level 11 in Dodging
  6806 | Ossuary  | Entered an ossuary
  7716 | Ossuary  | Noticed a silent spectre
  8128 | D:5      | Reached skill level 12 in Dodging
  8275 | D:6      | Found a glowing silver altar of Zin.
  8329 | D:6      | Reached XP level 9. HP: 39/39 MP: 10/10
  8776 | D:7      | Found a staircase to the Ecumenical Temple.
  8792 | D:7      | Reached skill level 5 in Shapeshifting
  8799 | Temple   | Entered the Ecumenical Temple
  9243 | D:7      | HP: 1/34 [wight/+3 spear (2)]
  9245 | D:7      | Mangled by a wight
  9355 | D:$      | Got out of the dungeon alive.

Illustrated notes

Levels and vault maps discovered:
D:1:      lightli_arrival_maybe_door_vault, layout_loops_ring
D:2:      layout_basic, uniq_jessica, uniq_crazy_yiuf_cottage
D:3:      layout_loops_ring, lemuel_coloured_pillars_altar,
          nicolae_ru_awakened_eye, serial_shops,
          nicolae_shop_just_a_little_nook, uniq_sigmund
D:4:      layout_rooms, gammafunk_temple_overflow_forgotten, serial_shops, shop,
          nicolae_stop_n_shop_2, uniq_natasha
D:5:      layout_loops_ring, uniq_eustachio
D:6:      layout_cave_pools, amcnicky_altar_gilded, nicolae_ossuary_entry_ruins
D:7:      layout_cave_pods, minmay_temple_entry_gardened_gates
Temple:   jpeg_temple_clearing

Skill      XL: |  1  2  3  4  5  6  7  8  9 |
---------------+----------------------------+-----
Unarmed Combat | 1 2 3 |  3.0
Fighting       | 2 3 4 |  4.0
Stealth        | 2 3 4 |  4.0
Dodging        | 5 8 9 12 | 12.0
Evocations     | 4 |  4.0
Shapeshifting  | 1 4 5 |  5.9

Action                     |  1- 3 |  4- 6 |  7- 9 || total
---------------------------+-------+-------+-------++-------
  Melee: Unarmed           |   103 |   139 |   495 ||   737
         Bite              |     8 |    15 |    73 ||    96
         Punch             |       |     1 |    17 ||    18
  Evoke: Wand              |       |     6 |     5 ||    11
    Use: Scroll            |       |     3 |     4 ||     7
         Potion            |       |     1 |     5 ||     6
   Stab: Sleeping          |     7 |     8 |     8 ||    23
         Distracted        |       |     1 |     2 ||     3
 Armour: Skin              |    25 |    55 |   153 ||   233
  Dodge: Dodged            |    67 |   133 |   500 ||   700

Table legend: (Time is in decaauts)
 A = Elapsed time spent in this place.
 B = Non-inter-level travel time spent in this place.
 C = Inter-level travel time spent in this place.
 D = Time resting spent in this place.
 E = Time spent auto-exploring this place.
 F = Levels seen in this place.
 G = Mean time per level.
                   A        B        C        D        E       F      G
               +--------+--------+--------+--------+--------+-----+--------+
         Total |   8178 |   7293 |    885 |   2159 |   2281 |   9 |  908.7 |
       Dungeon |   7245 |   6360 |    885 |   1845 |   2281 |   7 | 1035.0 |
        Temple |      1 |      1 |      0 |      0 |      0 |   1 |    1.0 |
       Ossuary |    931 |    931 |      0 |    314 |      0 |   1 |  931.0 |
               +--------+--------+--------+--------+--------+-----+--------+

Top non-repeatable levels by time:
     D:1: 1377 daAuts
     D:3: 1295 daAuts
     D:5: 1240 daAuts
     D:4: 1220 daAuts
     D:2: 987 daAuts
 Ossuary: 931 daAuts
     D:6: 810 daAuts
     D:7: 312 daAuts
  Temple: 1 daAuts
